cohdb
Replays
Latest Replays
All Replays
Popular Replays
Top Player Replays
Match Explorer
How It Works
Community
CoH3 Stats
Reddit
Sign in to upload your games and track your stats! →
Sign in with Steam
Match 43229347
Unlisted
Match 43229347
Overview
Messages
Build Orders
End
Selects Italian Combined Arms Battlegroup
Selects Bersaglieri Squad
Bersaglieri Squad
250 Light Carrier
Bersaglieri Squad
Construct Light Support Kompanie
Combat Half-tracks
Construct Mechanized Kompanie
8 Rad Armored Car
Panzerjäger Mechanized Group
2.5-tonne Medical Truck
Vehicle Survival Package
Selects Semovente da 75/18 Assault Gun
8 Rad Armored Car
Support Armor Elements
Emergency Repair Kits
Selects Carro Armato M13/40 Light Tank
Marder III Tank Destroyer
Rapid Advance
Selects Pact of Steel
8 Rad Armored Car
Selects Bersaglieri Bolster
jswd20
Wicked
XX_76_XX
ElitestAIMERX
HelloFriends :D
aznovo123
matrix4x4
Enocometalero
0
0
Comments
sign in to comment!
No comments posted yet!